 Dungeon Crawl Stone Soup version 0.29.1-14-g9c671dbff4 (webtiles) character file.

Game seed: 5832303180017720772

6 bnorton916 the Firebug (level 1, -1/10 HPs)
             Began as a Deep Elf Fire Elementalist on Feb 12, 2023.
             Slain by a hobgoblin (5 damage)
             ... on level 1 of the Dungeon.
             The game lasted 00:00:16 (369 turns).

bnorton916 the Firebug (Deep Elf Fire Elementalist)  Turns: 369, Time: 00:00:16

Health: -1/10      AC:  2    Str:  5    XL:     1   Next: 75%
Magic:  2/6        EV: 12    Int: 19    God:
Gold:   47         SH:  0    Dex: 15    Spells: 5/6 levels left

rFire   . . .      SeeInvis .   (no weapon)
rCold   . . .      Faith    .   (no shield)
rNeg    . . .      Spirit   .   a - +0 robe
rPois   .          Reflect  .   (no helmet)
rElec   .          Harm     .   (no cloak)
rCorr   .          Rampage  .   (no gloves)
Will    .....                   (no boots)
Stlth   ++........              (no amulet)
HPRegen 0.03/turn               (no ring)
MPRegen 0.10/turn               (no ring)

@: very slightly contaminated
A: no striking features
a: no special abilities


You were on level 1 of the Dungeon.
You visited 1 branch of the dungeon, and saw 1 of its levels.

You collected 47 gold pieces.

Inventory:

Hand Weapons
 c - a +0 dagger of flaming
Armour
 a - a +0 robe (worn)
Potions
 b - a potion of magic


   Skills:
 - Level 2.4 Dodging
 - Level 2.4 Stealth
 + Level 3.2 Spellcasting
 + Level 1.4 Conjurations
 + Level 3.4 Fire Magic


You had 5 spell levels left.
You knew the following spells:

 Your Spells              Type           Power      Damage    Failure   Level
a - Foxfire               Conj/Fire      48%        2x1d6     5%          1

Your spell library contained the following spells:

 Spells                   Type           Power      Damage    Failure   Level
 Scorch                   Fire           32%        2d7       5%          2
 Beastly Appendage        Tmut           6%         N/A       16%         1
 Conjure Flame            Conj/Fire      12%        6-21      16%         3
 Wereblood                Tmut           3%         N/A       22%         2
 Inner Flame              Hex/Fire       9%         N/A       22%         3
 Spider Form              Tmut/Pois      3%         N/A       41%         3
 Flame Wave               Conj/Fire      12%        2d6       47%         4


Dungeon Overview and Level Annotations

Branches:
Dungeon (1/15)

Altars:


Message History

Your foxfire dissipates!
Your foxfire dissipates!
Things that are here:
a +3 dagger of holy wrath; 4 stones; a kobold corpse You now have 33 gold pieces (gained 9).
You open the door.
There is an open door here.
Found a stone staircase leading down.
You now have 47 gold pieces (gained 14).
A hobgoblin comes into view.
Found a glowing steel ring.
A hobgoblin is nearby!
A hobgoblin is nearby!
A hobgoblin is nearby!
A hobgoblin is nearby!
Casting: Foxfire (safe; 5% risk of failure)
Confirm with . or Enter, or press ? or * to list all spells.
You miscast Foxfire.
You are very lightly contaminated with residual magic.
Nothing appears to happen.
The hobgoblin shouts!
Casting: Foxfire (safe; 5% risk of failure)
Confirm with . or Enter, or press ? or * to list all spells.
You conjure some foxfire!
The foxfire hits the hobgoblin.
The hobgoblin is heavily wounded.
Casting: Foxfire (safe; 5% risk of failure)
Confirm with . or Enter, or press ? or * to list all spells.
You conjure some foxfire!
The foxfire hits the hobgoblin.
The hobgoblin is severely wounded.
The hobgoblin hits you.
Casting: Foxfire (safe; 5% risk of failure)
Confirm with . or Enter, or press ? or * to list all spells.
You conjure some foxfire!
The hobgoblin hits you.
The foxfire hits the hobgoblin.
The hobgoblin is almost dead.
The hobgoblin hits you.
Ouch! That really hurt!
You die...

.#.# ...## .# #.... .#
...### #...##.### #(...
.......... . #.###
##.####.....###.. #.###
......g.......... #....
######@#....#### #####
=.....vv......... .....
#######.#...############
#.#>..............
#.#.#.#.##########
#.#.#.#....# #
#.#.#.#.##.# #
#.#.#.#..#.# #
#.#.#.##.#.#######


You could see a hobgoblin (ally target).

Vanquished Creatures
  A ball python (D:1)
  3 goblins (D:1)
  A bat (D:1)
  A kobold (D:1)
6 creatures vanquished.

Vanquished Creatures (others)
  43 foxfires (D:1)
43 creatures vanquished.

Grand Total: 49 creatures vanquished

Notes
Turn   | Place    | Note
-------+----------+-------------------------------------------
     0 | D:1      | bnorton916 the Deep Elf Fire Elementalist began the quest
                  | for the Orb.
     0 | D:1      | Reached XP level 1. HP: 10/10 MP: 6/6
   369 | D:1      | Slain by a hobgoblin

Illustrated notes

Levels and vault maps discovered:
D:1:      dpeg_arrival_windows_large_door, layout_basic,
          shapermc_ecumenical_altar_acropolis

Action                   || total
-------------------------++-------
 Cast: Foxfire           ||    25
Armor: Robe              ||     1
